 Dungeon Crawl Stone Soup version 0.26-a0-707-g31817bcca1 (webtiles) character file.

Game seed: 8097376043987042338

25057 tazzadar the Grappler (level 12, -7/115 HPs)
             Began as a Troll Monk on Oct 26, 2020.
             Was a High Priest of Ru.
             Mangled by a wolf spider (13 damage)
             ... on level 3 of the Lair of Beasts.
             The game lasted 01:11:33 (11176 turns).

tazzadar the Grappler (Troll Monk)                 Turns: 11176, Time: 01:11:34

Health: -7/115     AC:  6    Str: 24    XL:     12   Next: 86%
Magic:  6/11       EV: 10    Int:  4    God:    Ru [*****.]
Gold:   899        SH: 12    Dex: 14    Spells: 11/11 levels left

rFire    + . .     SeeInvis +     - Unarmed
rCold    . . .     Faith    .   D - +0 tower shield
rNeg     . . .     Spirit   .   a - +2 robe
rPois    .         Reflect  .   h - +2 hat of Guboufor {rElec rF+}
rElec    +         Harm     .   q - scarf {+Inv}
rCorr    .         Rampage  .   (gloves unavailable)
MR       .....                  (boots unavailable)
Stlth    ++........             u - amulet of magic regeneration
HPRegen  0.69/turn              m - ring of stealth
MPRegen  0.37/turn              F - ring of see invisible

@: exhausted, corroded, heavily drained
A: large, unfitting armour, claws 3, horns 1, dopey 1, frail 1, regeneration 1,
shaggy fur 1, tough skin 3, inability to use devices, inability to train armour,
no air magic, no hexes magic, no necromancy magic, disrupted magic 1
a: Draw Out Power, Power Leap, Apocalypse, Renounce Religion


You were on level 3 of the Lair of Beasts.
You worshipped Ru.
Ru was extremely pleased with you.
You visited 4 branches of the dungeon, and saw 14 of its levels.

You collected 899 gold pieces.

Inventory:

Hand Weapons
 A - a +2 mace of holy wrath
Armour
 a - a +2 robe (worn)
 h - the +2 hat of Guboufor (worn) {rElec rF+}
   (You found it on level 6 of the Dungeon)

   It protects you from fire.
   It insulates you from electricity.
 q - a scarf of invisibility (worn)
 y - a +0 cloak
 D - a +0 tower shield (worn)
 I - a +1 hat of magic resistance
Jewellery
 m - a ring of stealth (left claw)
 p - a cursed amulet of inaccuracy
 r - a cursed ring of teleportation {unknown}
 u - an amulet of magic regeneration (around neck)
 w - a +6 ring of dexterity
 B - an uncursed ring of protection from cold {unknown}
 F - a ring of see invisible (right claw)
 G - a +6 ring of dexterity
 H - an uncursed ring of see invisible
Scrolls
 c - 2 scrolls of enchant armour
 e - 13 scrolls of remove curse
 i - 2 scrolls of amnesia
 j - 5 scrolls of teleportation
 k - 3 scrolls of enchant weapon
 o - a scroll of blinking
 t - a scroll of vulnerability {unknown}
 v - 2 scrolls of fog {unknown}
 C - a scroll of magic mapping {unknown}
 E - a scroll of silence {unknown}
Potions
 d - 2 potions of degeneration
 f - a potion of invisibility
 g - 2 potions of curing
 l - 3 potions of stabbing
 n - 4 potions of ambrosia
 s - 2 potions of cancellation
 z - 2 potions of lignification


   Skills:
 + Level 10.9(9.4) Fighting
 + Level 11.0(9.4) Dodging
 - Level 1.0(0.0) Stealth
 + Level 12.8(11.1) Unarmed Combat


You had 11 spell levels left.
You didn't know any spells.
Your spell library contained the following spells:

 Spells                   Type           Power        Failure   Level
 Gell's Gravitas          Tloc           #.........   100%        3
 Petrify                  Tmut/Erth      #.......     100%        4
 Shock                    Conj/Air       Unusable     N/A         1
 Swiftness                Air            Unusable     N/A         2
 Confusing Touch          Hex            Unusable     N/A         3
 Static Discharge         Conj/Air       Unusable     N/A         3
 Airstrike                Air            Unusable     N/A         4
 Lightning Bolt           Conj/Air       Unusable     N/A         5
 Metabolic Englaciation   Hex/Ice        Unusable     N/A         5
 Yara's Violent Unravell  Hex/Tmut       Unusable     N/A         5

Dungeon Overview and Level Annotations

Branches:
Dungeon (9/15)             Temple (1/1) D:5            Lair (3/6) D:9
 Spider (1/4) Lair:3          Orc (0/2) D:9
  Swamp: Lair:2-4    Shoals: Lair:2-4

Altars:
Ashenzari
Cheibriados
Dithmenos
Elyvilon
Fedhas
Gozag
Hepliaklqana
Kikubaaqudgha
Makhleb
Nemelex Xobeh
Okawaru
Qazlal
Ru
Sif Muna
Trog
Uskayaw
Vehumet
Wu Jian
Xom
Yredelemnul
Zin
The Shining One


Innate Abilities, Weirdness & Mutations

You are too large for most types of armour.
You have claws for hands.
You are dopey. (Int -2)
Your natural rate of healing is unusually fast.
You are covered in fur. (AC +1)
You have extremely tough skin. (AC +3)
You cannot study or use magical devices.
You cannot train Armour skill.
You cannot study or cast Air magic.
You cannot study or cast Hexes magic.
You cannot study or cast Necromancy magic.
Your casting is slightly disrupted.
You have a pair of small horns on your head.
You are frail. (-10% HP)


Message History

* * * LOW HITPOINT WARNING * * *
The wolf spider bites you!
* * * LOW HITPOINT WARNING * * *
The wolf spider hits you!
* * * LOW HITPOINT WARNING * * *
You block the wolf spider's attack.
You feel better. The wolf spider closely misses you.
The wolf spider bites you but does no damage.
You block the wolf spider's attack. x2
You barely miss the wolf spider.
You headbutt the wolf spider, but do no damage.
The wolf spider is lightly wounded.
The wolf spider hits you.
* * * LOW HITPOINT WARNING * * *
The wolf spider bites you.
* * * LOW HITPOINT WARNING * * *
You focus your will and blind the wolf spider in retribution!
You closely miss the wolf spider. You block the wolf spider's attack.
The wolf spider bites you!
You die...

#.................
.............#
.....##..#..##
.....###^..#####
......##..####.###
......#.^.^......#
.....####..^.^≈≈'##
.....##..##..≈≈.^s#
.....###.^...≈≈.@##
.....###.#.#.^≈..#
.....##.^.....≈≈'#
.†....#^^......^.#
##†..+##^.###.#.##
##.....##....####
.... #.......^...#
.....
##.............
./..
#..........#...
##..#


You could see a wolf spider (blind).

Vanquished Creatures
  Gastronok (Lair:3)
  An emperor scorpion (Spider:1)
  An entropy weaver (Spider:1)
  3 hydras
  4 oklob plants (Lair:1)
  4 wolf spiders
  2 orb spiders
  3 black mambas (Lair:2)
  Maurice (D:9)
  4 cane toads
  The ghost of qipq the Covert, a novice OpDe of Gozag (D:5)
  2 rime drakes
  4 komodo dragons
  A troll (D:9)
  2 jumping spiders (Spider:1)
  A hornet (D:4)
  9 blink frogs
  2 shadows (D:9)
  A redback (Spider:1)
  3 tarantellas (Spider:1)
  Sigmund (D:2)
  2 basilisks (Lair:3)
  A wyvern (Lair:1)
  14 yaks
  Edmund (D:4)
  10 water moccasins
  5 orc warriors
  2 sky beasts
  3 phantoms
  A black bear (D:9)
  3 ice beasts (D:6)
  5 ogres
  3 centaurs
  10 bullfrogs
  A big kobold (D:5)
  A water moccasin zombie (D:9)
  4 scorpions
  5 wights (D:6)
  An electric eel (Lair:1)
  2 howler monkeys (D:6)
  3 centaur zombies
  2 bullfrog zombies
  A jelly (D:8)
  A bullfrog skeleton (D:5)
  A gnoll shaman (D:5)
  6 orc priests
  7 hounds
  6 orc wizards
  An iguana (D:8)
  7 worker ants
  A killer bee zombie (D:8)
  6 ogre zombies (D:9)
  A hound zombie (D:6)
  2 hound skeletons
  A howler monkey zombie (D:4)
  3 gnolls (D:4)
  8 adders
  2 shadow imps
  2 white imps (D:5)
  4 ufetubi
  An ooze (D:5)
  An adder zombie (D:8)
  2 worms (D:3)
  2 dart slugs
  4 leopard geckos
  21 orcs
  7 bats
  4 giant cockroaches
  7 goblins
  5 hobgoblins
  23 jackals
  3 quokkas
  2 ball pythons
  3 frilled lizards
  A giant cockroach zombie (D:4)
  A goblin skeleton (D:9)
  2 goblin zombies (D:9)
  4 hobgoblin zombies (D:9)
  3 kobolds
  A leopard gecko skeleton (D:5)
  A leopard gecko zombie (D:5)
  2 orc skeletons (D:9)
  10 orc zombies (D:9)
  4 rats
304 creatures vanquished.

Vanquished Creatures (others)
  A blink frog (Lair:1)
  A hound zombie (D:8)
  An orc (D:5)
  38 fungi
  42 plants
83 creatures vanquished.

Grand Total: 387 creatures vanquished

Notes
Turn   | Place    | Note
-------+----------+-------------------------------------------
     0 | D:1      | tazzadar the Troll Monk began the quest for the Orb.
     0 | D:1      | Reached XP level 1. HP: 22/22 MP: 0/0
   123 | D:1      | Reached XP level 2. HP: 29/29 MP: 1/1
   536 | D:2      | Reached XP level 3. HP: 36/36 MP: 2/2
   924 | D:2      | Noticed Sigmund
  1028 | D:2      | Killed Sigmund
  1028 | D:2      | Reached skill level 4 in Unarmed Combat
  1028 | D:2      | Reached XP level 4. HP: 19/45 MP: 3/3
  1028 | D:2      | Reached XP level 5. HP: 23/53 MP: 4/4
  1533 | D:3      | Found a sacrificial altar of Ru.
  1542 | D:3      | Became a worshipper of Ru the Awakened
  1704 | D:4      | Noticed Edmund
  1706 | D:4      | Gained mutation: You cannot study or use magical devices.
                  | [Ru sacrifice]
  1706 | D:4      | Reached * piety under Ru
  1706 | D:4      | Reached ** piety under Ru
  1724 | D:4      | Killed Edmund
  1724 | D:4      | Reached XP level 6. HP: 23/62 MP: 5/5
  1883 | D:4      | Reached skill level 5 in Unarmed Combat
  1925 | D:4      | Reached XP level 7. HP: 47/70 MP: 6/6
  2383 | D:4      | Noticed a hornet
  2394 | D:4      | Killed a hornet
  2610 | D:4      | Found an iron altar of Okawaru.
  2819 | D:5      | Entered Level 5 of the Dungeon
  2833 | D:5      | Reached skill level 6 in Unarmed Combat
  2846 | D:5      | Reached skill level 5 in Fighting
  2846 | D:5      | Reached skill level 5 in Dodging
  2851 | D:5      | Reached XP level 8. HP: 66/80 MP: 7/7
  3067 | D:5      | Found a runed translucent gate.
  3068 | D:5      | Found a runed translucent gate.
  3073 | D:5      | Found a staircase to the Ecumenical Temple.
  3088 | Temple   | Entered the Ecumenical Temple
  3229 | D:5      | Found a runed translucent gate.
  3229 | D:5      | Noticed qipq's ghost (novice OpDe)
  3318 | D:5      | Found an opulent altar of Gozag.
  3318 | D:5      | Found a shadowy altar of Dithmenos.
  3319 | D:5      | Found an ornate altar of the Wu Jian Council.
  3531 | D:5      | Killed qipq's ghost
  3540 | D:5      | Reached skill level 7 in Unarmed Combat
  3640 | D:6      | Gained mutation: You are dopey. (Int -2) [Ru sacrifice]
  3640 | D:6      | Reached *** piety under Ru
  3659 | D:6      | Got a fading hat
  3665 | D:6      | Identified the +2 hat of Guboufor {rElec rF+} (You found it
                  | on level 6 of the Dungeon)
  3794 | D:6      | Reached XP level 9. HP: 89/89 MP: 8/8
  3876 | D:6      | Found a hazy altar of Hepliaklqana.
  3889 | D:6      | Reached skill level 8 in Unarmed Combat
  4107 | D:6      | Found a hide-covered altar of Uskayaw.
  4632 | D:7      | Found an opulent altar of Gozag.
  4994 | D:7      | Gained mutation: You are frail. (-10% HP) [potion of
                  | mutation]
  4994 | D:7      | Gained mutation: You have a pair of small horns on your
                  | head. [potion of mutation]
  5319 | D:8      | Gained mutation: You cannot study or cast Air magic. [Ru
                  | sacrifice]
  5319 | D:8      | Gained mutation: You cannot study or cast Hexes magic. [Ru
                  | sacrifice]
  5319 | D:8      | Gained mutation: You cannot study or cast Necromancy magic.
                  | [Ru sacrifice]
  5319 | D:8      | Reached **** piety under Ru
  5852 | D:8      | Reached skill level 9 in Unarmed Combat
  5852 | D:8      | Reached XP level 10. HP: 84/91 MP: 9/9
  6362 | D:9      | Found a staircase to the Orcish Mines.
  7186 | D:9      | Found a staircase to the Lair.
  7399 | D:9      | Found a glowing silver altar of Zin.
  7407 | D:9      | Noticed Maurice
  7413 | D:9      | Killed Maurice
  7466 | D:9      | Gained mutation: You cannot train Armour skill. [Ru
                  | sacrifice]
  7466 | D:9      | Reached ***** piety under Ru
  7518 | Lair:1   | Entered Level 1 of the Lair of Beasts
  7593 | Lair:1   | Reached skill level 10 in Unarmed Combat
  7924 | Lair:1   | Noticed a cane toad
  7931 | Lair:1   | Killed a cane toad
  7931 | Lair:1   | Reached XP level 11. HP: 98/101 MP: 10/10
  8340 | Lair:1   | Noticed a four-headed hydra
  8357 | Lair:1   | Killed a ten-headed hydra
  8574 | Lair:1   | Noticed an oklob plant
  8581 | Lair:1   | Noticed an oklob plant
  8581 | Lair:1   | Noticed an oklob plant
  8582 | Lair:1   | Noticed an oklob plant
  8583 | Lair:1   | Killed an oklob plant
  8583 | Lair:1   | Killed an oklob plant
  8583 | Lair:1   | Killed an oklob plant
  8591 | Lair:1   | Killed an oklob plant
  8591 | Lair:1   | Reached skill level 11 in Unarmed Combat
  9131 | Lair:2   | Noticed a seven-headed hydra
  9148 | Lair:2   | Killed an eight-headed hydra
  9968 | Lair:2   | Gained mutation: Your casting is slightly disrupted. [Ru
                  | sacrifice]
 10024 | Lair:3   | Reached XP level 12. HP: 84/113 MP: 11/11
 10065 | Lair:3   | Reached skill level 10 in Fighting
 10065 | Lair:3   | Reached skill level 10 in Dodging
 10071 | Lair:3   | Noticed Gastronok
 10084 | Lair:2   | HP: 5/113 [poisoned by a cane toad]
 10279 | Lair:3   | Killed Gastronok
 10279 | Lair:3   | Reached skill level 12 in Unarmed Combat
 10606 | Lair:3   | Noticed a five-headed hydra
 10613 | Lair:3   | Killed a six-headed hydra
 10643 | Lair:3   | Found a hole to the Spider Nest.
 10663 | Spider:1 | Entered Level 1 of the Spider Nest
 10665 | Spider:1 | Noticed an emperor scorpion
 10677 | Spider:1 | Killed an emperor scorpion
 10875 | Spider:1 | Noticed an entropy weaver
 11167 | Spider:1 | Killed an entropy weaver
 11176 | Lair:3   | Mangled by a wolf spider

Illustrated notes

Levels and vault maps discovered:
D:1:      lightli_arrival_maybe_door_vault, layout_rooms
D:2:      layout_basic, uniq_sigmund
D:3:      layout_rooms, old_standard_altar
D:4:      layout_gridville, kennysheep_okawaru_gauntlet, uniq_edmund
D:5:      layout_rooms, gammafunk_temple_overflow_claw,
          minmay_temple_entry_drinking_statues, gammafunk_ghost_split
D:6:      layout_basic, lemuel_round_altar, overflow_temple_1_default
D:7:      layout_basic, nicolae_gozag_cash_rules_everything_around_me
D:8:      layout_basic
D:9:      layout_stronghold, lemuel_doored_altar,
          grunt_lair_entry_orc_guard_hut, zombieorc1_lemuel, uniq_maurice
Temple:   regret_index_temple_waves
Lair:1:   layout_small_grid, minmay_lair_oklob_chamber,
          infiniplex_staircase_pool
Lair:2:   layout_cave_pods, grunt_forest_small_clearing_treed
Lair:3:   layout_chaotic_city, nicolae_spider_entry_orb_guardian,
          chequers_serial_rivers_room_b, st_stairs_8, serial_bayou_shore_b,
          grunt_megastairs_3, uniq_gastronok
Spider:1: layout_spider_delve, guppyfry_hornet_nest

Skill      XL: |  1  2  3  4  5  6  7  8  9 10 11 12 |
---------------+-------------------------------------+-----
Fighting       | 3 4 5 6 7 8 9 10 | 10.9
Dodging        | 3 4 5 6 7 8 9 11 | 11.0
Unarmed Combat | 4 5 6 7 9 10 11 12 | 12.8
Stealth        | |  1.0

Action                   |  1- 3 |  4- 6 |  7- 9 | 10-12 || total
-------------------------+-------+-------+-------+-------++-------
Melee: Unarmed           |    82 |    88 |   417 |   473 ||  1060
       Punch             |       |       |     9 |    25 ||    34
       Headbutt          |       |       |    23 |   120 ||   143
Invok: Sacrifice Artific |       |     1 |       |       ||     1
       Sacrifice Purity  |       |       |     1 |       ||     1
       Sacrifice Arcana  |       |       |     1 |       ||     1
       Sacrifice Durabil |       |       |       |     1 ||     1
       Apocalypse        |       |       |       |     9 ||     9
       Sacrifice Essence |       |       |       |     1 ||     1
  Use: Scroll            |     6 |     2 |     3 |     7 ||    18
       Potion            |     4 |     2 |     6 |    12 ||    24
 Stab: Sleeping          |     2 |     2 |     4 |     5 ||    13
       Distracted        |       |       |     1 |     1 ||     2
       Invisible         |       |       |     2 |     3 ||     5
       Paralysed         |       |       |       |     4 ||     4
Armor: Robe              |    32 |    19 |   137 |    74 ||   262
Dodge: Dodged            |    41 |    45 |   253 |   178 ||   517
Block: Tower shield      |       |       |       |    87 ||    87

Table legend: (Time is in decaauts)
 A = Elapsed time spent in this place.
 B = Non-inter-level travel time spent in this place.
 C = Inter-level travel time spent in this place.
 D = Time resting spent in this place.
 E = Time spent auto-exploring this place.
 F = Levels seen in this place.
 G = Mean time per level.
                   A        B        C        D        E       F      G
               +--------+--------+--------+--------+--------+-----+--------+
         Total |  11002 |  10735 |    267 |   1951 |   5641 |  14 |  785.9 |
       Dungeon |   7266 |   6999 |    267 |    673 |   4161 |   9 |  807.3 |
        Temple |    125 |    125 |      0 |      0 |     95 |   1 |  125.0 |
          Lair |   3539 |   3539 |      0 |   1277 |   1385 |   3 | 1179.7 |
   Spider Nest |     71 |     71 |      0 |      0 |      0 |   1 |   71.0 |
               +--------+--------+--------+--------+--------+-----+--------+

Top non-repeatable levels by time:
  Lair:1: 1543 daAuts
     D:9: 1345 daAuts
     D:4: 1116 daAuts
  Lair:2: 1094 daAuts
     D:8: 992 daAuts
  Lair:3: 902 daAuts
     D:6: 846 daAuts
     D:2: 779 daAuts
     D:7: 682 daAuts
     D:5: 604 daAuts
     D:1: 492 daAuts
     D:3: 405 daAuts
  Temple: 125 daAuts
Spider:1: 71 daAuts
